 Dungeon Crawl Stone Soup version 0.17.1-2-g5865329 (webtiles) character file.

107 Jerry the Magician (level 4, 0/27 HPs)
             Began as an Octopode Wizard on Feb 10, 2016.
             Slain by a gnoll
             ... wielding a +0 spear
              (10 damage)
             ... on level 2 of the Dungeon.
             The game lasted 00:12:04 (2487 turns).

Jerry the Magician (Octopode Wizard)                Turns: 2487, Time: 00:12:04

Health: 0/27       AC:  2    Str:  7    XL:     4   Next: 86%
Magic:  9/9        EV: 12    Int: 20    God:
Gold:   95         SH:  0    Dex: 10    Spells: 2 memorised, 5 levels left

rFire  . . .     SeeInvis .     r - +2 lajatang (speed)
rCold  . . .     Clarity  .     (shield currently unavailable)
rNeg   . . .     SustAt   .     a - +1 hat
rPois  .         Gourm    .     l - amulet of stasis
rElec  .         Spirit   .     (no ring)
rCorr  .         Warding  .     (no ring)
rMut   .         Stasis   +     (no ring)
MR     .....                    (no ring)
Stlth  +++.......               (no ring)
                                (no ring)
                                (no ring)
                                (no ring)

@: not resistant to hostile enchantments, fairly stealthy
A: almost no armour, amphibious, 8 rings, constrict 8, camouflage 1, gelatinous
body 1
a: no special abilities


You were on level 2 of the Dungeon.
You were hungry.

You visited 1 branch of the dungeon, and saw 3 of its levels.

You collected 95 gold pieces.

Inventory:

Hand Weapons
 d - a +0 club
 e - a +0 short sword
 p - a +0 whip
 r - a +2 lajatang of speed (weapon)
Armour
 a - a +1 hat (worn)
Jewellery
 l - an amulet of stasis (around mantle)
Scrolls
 n - a scroll of remove curse
 t - 2 scrolls of identify
 u - a scroll of noise {unknown}
Potions
 f - a potion of flight {unknown}
 g - 2 potions of curing {unknown}
 i - a potion of resistance {unknown}
 k - a potion of might
 m - a potion of brilliance {unknown}
Books
 b - a book of Minor Magic

   Spells                             Type                      Level
   a - Magic Dart                     Conjuration                  1
   b - Blink                          Translocation                2
   c - Call Imp                       Summoning                    2
   d - Repel Missiles                 Charms/Air                   2
   e - Slow                           Hexes                        2
   f - Conjure Flame                  Conjuration/Fire             3
   g - Mephitic Cloud                 Conjuration/Poison/Air       3
Comestibles
 c - 3 bread rations
 h - a beef jerky
 j - 2 royal jellies
 q - 2 fruits
 s - a meat ration


   Skills:
 - Level 2.0 Dodging
 - Level 2.6 Stealth
 + Level 3.4 Spellcasting
 - Level 3.0 Conjurations
   Level 1.0 Summonings
   Level 1.0 Translocations
 + Level 1.4 Air Magic
 + Level 2.2 Poison Magic


You had 5 spell levels left.
You knew the following spells:

 Your Spells              Type           Power        Failure   Level  Hunger
a - Magic Dart            Conj           ###.         4%          1    None
b - Mephitic Cloud        Conj/Pois/Air  ##......     17%         3    ###....


Dungeon Overview and Level Annotations

Branches:
Dungeon (3/15)

Altars:
Cheibriados
Elyvilon


Innate Abilities, Weirdness & Mutations

You cannot wear most types of armour.
You are amphibious.
You can wear up to eight rings at the same time.
You can use your tentacles to constrict eight enemies at once.
Your skin changes colour to match your surroundings (Stealth).
Your rubbery body absorbs attacks (AC +1).


Message History

You slash the gnoll!
You kill the gnoll!
You see here a club.
You start resting.
All of the chunks of flesh in your inventory have rotted away.
You are feeling hungry.
You start resting.
HP restored.
There is a stone staircase leading down here.
You climb downwards.
There is a stone staircase leading up here.
The gnoll hits you with a spear.
The gnoll hits you from afar with a halberd!
There is a stone staircase leading up here.
The gnoll hits you with a spear.
You climb upwards.
There is a stone staircase leading down here.
You closely miss the gnoll. You grab the gnoll. You constrict the gnoll.
The gnoll hits you with a spear!
You die...

######### #.# #.# #.
#.......####.#####.# #.
#.####.....#.......# #.
#.# #....#.#.####### #.
#.# #....#.### #. #.#
#........##########
#.####..)..............
#.....g)####......#####
######@....+...รท..'....
##.####......#.... #.#
#......#....
####.####......#....
#.##.......#'####...
#.......##.#.# #...
#.#......#.#.# #...
#.#.##...#.#.# #...
#........#.#.# #...


You could see a gnoll.

Vanquished Creatures
  4 gnolls (D:2)
  2 adders
  2 worms (D:2)
  An orc (D:2)
  A ball python (D:1)
  3 giant cockroaches
  7 hobgoblins
  3 jackals (D:1)
  2 kobolds (D:1)
  A quokka (D:2)
  3 bats
  3 giant newts
  9 goblins
  8 rats
49 creatures vanquished.

Notes
Turn   | Place    | Note
--------------------------------------------------------------
     0 | D:1      | Jerry the Octopode Wizard began the quest for the Orb.
     0 | D:1      | Reached XP level 1. HP: 11/11 MP: 4/4
   406 | D:1      | Reached XP level 2. HP: 17/17 MP: 0/6
  1073 | D:1      | Reached XP level 3. HP: 21/21 MP: 5/7
  1162 | D:2      | Learned a level 3 spell: Mephitic Cloud
  1721 | D:2      | Reached skill level 1 in Air Magic
  1721 | D:2      | Reached skill level 1 in Poison Magic
  1721 | D:2      | Reached XP level 4. HP: 11/27 MP: 8/8
  2077 | D:3      | Found a snail-covered altar of Cheibriados.
  2173 | D:3      | Found a white marble altar of Elyvilon.
  2487 | D:2      | Slain by a gnoll

Action                   |  1- 3 |  4- 6 || total
-------------------------+-------+-------++-------
Melee: Unarmed           |    17 |       ||    17
       Short sword       |     5 |       ||     5
       Lajatang          |     7 |    15 ||    22
       Whip              |     5 |       ||     5
 Cast: Magic Dart        |    50 |    19 ||    69
  Use: Scroll            |     3 |     1 ||     4
 Stab: Sleeping          |     4 |       ||     4
  Eat: Chunk             |     2 |     2 ||     4
